TOP OF THE 1ST |
El Paso Chihuahuas batting - Pitching for Syracuse Chiefs : RHP Sentos Alatas
|
Pitching: RHP Sentos Alatas
|
|
Batting: RHB Jerry Escamilla
|
0-0: Foul Ball, location: 2F 0-1: Called Strike 0-2: Strikes out looking
|
Batting: SHB Adam Martin
|
0-0: Called Strike 0-1: Ball 1-1: Ground out U3 (Groundball, 34S, EV 88.8 MPH)
|
Batting: RHB Mike Hayward
|
0-0: Ball 1-0: Called Strike 1-1: Ball 2-1: Ball 3-1: Base on Balls
|
Batting: RHB Jeff Brower
|
0-0: Ball 1-0: Swinging Strike 1-1: 2-RUN HOME RUN (Flyball, 89XD, EV 102.5 MPH), Distance : 398 ft
|
Batting: LHB Carlos Cuellar
|
0-0: Ground out 1-3 (Groundball, 15S, EV 72.5 MPH)
|
Top of the 1st over - 2 runs, 1 hit, 0 errors, 0 left on base; El Paso 2 - Syracuse 0 |
BOTTOM OF THE 1ST |
Syracuse Chiefs batting - Pitching for El Paso Chihuahuas : LHP Kyle Foster
|
Pitching: LHP Kyle Foster
|
|
Batting: RHB Stephen Charbonneau
|
0-0: Ball 1-0: Ball 2-0: DOUBLE (Flyball, 78D, EV 98.1 MPH)
|
Batting: RHB Hisayuki Akiyama
|
0-0: Ball 1-0: Swinging Strike 1-1: Called Strike 1-2: Ground out 6-3 (Groundball, 6, EV 81.9 MPH) Stephen Charbonneau to third
|
Batting: LHB Alexis Cantu
|
0-0: Foul Ball, location: 2F 0-1: Ball 1-1: Foul Ball, location: 2F 1-2: Foul Ball, location: 2F 1-2: Ball 2-2: Ground out 6-3 (Groundball, 6M, EV 85.6 MPH) Stephen Charbonneau scores
|
Batting: RHB Justin Davenport
|
0-0: Called Strike 0-1: Fly out, F8 (Flyball, 8LM, EV 91.9 MPH)
|
Bottom of the 1st over - 1 run, 1 hit, 0 errors, 0 left on base; El Paso 2 - Syracuse 1 |
TOP OF THE 2ND |
El Paso Chihuahuas batting - Pitching for Syracuse Chiefs : RHP Sentos Alatas
|
Batting: LHB Hugo MacBeth
|
0-0: Ball 1-0: Foul Ball, location: 2F 1-1: Ball 2-1: Foul Ball, location: 2F 2-2: Ball 3-2: Fly out, F7 (Flyball, 7D, EV 100.6 MPH)
|
Batting: RHB Robby Godwin
|
0-0: Swinging Strike 0-1: Ball 1-1: Ball 2-1: SINGLE (Flyball, 78S, EV 94.4 MPH)
|
Batting: RHB Dave Cluster
|
0-0: Ball 1-0: Ball 2-0: Called Strike 2-1: Foul Ball, location: 2F 2-2: Ground out 6-3 (Groundball, 6, EV 83.1 MPH) Robby Godwin to second
|
Batting: LHB Angel Mejia
|
0-0: Called Strike 0-1: Ball 1-1: Ball 2-1: Foul Ball, location: 2F 2-2: Ball 3-2: Foul Ball, location: 2F 3-2: Base on Balls
|
Batting: RHB Jerry Escamilla
|
0-0: Ball 1-0: Ball 2-0: Called Strike 2-1: Ball 3-1: Swinging Strike 3-2: Strikes out swinging
|
Top of the 2nd over - 0 runs, 1 hit, 0 errors, 2 left on base; El Paso 2 - Syracuse 1 |
BOTTOM OF THE 2ND |
Syracuse Chiefs batting - Pitching for El Paso Chihuahuas : LHP Kyle Foster
|
Batting: RHB Antonio Laurel
|
0-0: Ball 1-0: Called Strike 1-1: SINGLE (Groundball, 6MD, EV 100.0 MPH)
|
Batting: RHB Er Le
|
0-0: Ball 1-0: Ball 2-0: Ball 3-0: Foul Ball, location: 2F 3-1: Base on Balls Antonio Laurel to second
|
Batting: RHB Nate Dickinson
|
0-0: Ball 1-0: SINGLE (Groundball, 6MD, EV 98.8 MPH) Antonio Laurel to third Er Le to second
|
Batting: LHB Chris Williams
|
0-0: Called Strike 0-1: Fielders Choice at 2nd, 5-4 (Groundball, 56, EV 108.8 MPH) Antonio Laurel scores Er Le to third
|
Batting: RHB Bobby Bricker
|
0-0: Foul Ball, location: 2F 0-1: Ball 1-1: Ball 2-1: Ball Chris Williams steals 2nd base 3-1: Base on Balls
|
Batting: RHB Stephen Charbonneau
|
0-0: Called Strike 0-1: Ball 1-1: Foul Ball, location: 2F 1-2: Ball 2-2: Fielders Choice at 2nd, 3-6 (Groundball, 3, EV 88.8 MPH) Er Le scores Chris Williams to third
|
Batting: RHB Hisayuki Akiyama
|
0-0: Swinging Strike 0-1: Ball 1-1: Foul Ball, location: 2F 1-2: Ball 2-2: Strikes out swinging
|
Bottom of the 2nd over - 2 runs, 2 hits, 0 errors, 2 left on base; El Paso 2 - Syracuse 3 |
TOP OF THE 3RD |
El Paso Chihuahuas batting - Pitching for Syracuse Chiefs : RHP Sentos Alatas
|
Batting: SHB Adam Martin
|
0-0: Called Strike 0-1: Ball 1-1: Foul Ball, location: 2F 1-2: Ball 2-2: SINGLE (Line Drive, 3D, EV 98.8 MPH)
|
Batting: RHB Mike Hayward
|
0-0: Ball 1-0: Swinging Strike 1-1: Fly out, F8 (Flyball, 8RXD, EV 101.2 MPH) Runner from 1st tags up, SAFE at 2nd
|
Batting: RHB Jeff Brower
|
0-0: Foul Ball, location: 2F 0-1: Called Strike 0-2: Ball 1-2: Foul Ball, location: 2F 1-2: Strikes out swinging
|
Batting: LHB Carlos Cuellar
|
0-0: Ground out U3 (Groundball, 34S, EV 89.4 MPH)
|
Top of the 3rd over - 0 runs, 1 hit, 0 errors, 1 left on base; El Paso 2 - Syracuse 3 |
BOTTOM OF THE 3RD |
Syracuse Chiefs batting - Pitching for El Paso Chihuahuas : LHP Kyle Foster
|
Batting: LHB Alexis Cantu
|
0-0: Called Strike 0-1: Ball 1-1: Foul Ball, location: 2F 1-2: Foul Ball, location: 2F 1-2: Ball 2-2: SINGLE (Groundball, 6M, EV 99.4 MPH)
|
Batting: RHB Justin Davenport
|
0-0: Ball 1-0: Foul Ball, location: 2F 1-1: Fly out, F9 (Line Drive, 9LM, EV 100.6 MPH)
|
Batting: RHB Antonio Laurel
|
0-0: SINGLE (Groundball, 4MD, EV 103.1 MPH) Alexis Cantu to second
|
Batting: RHB Er Le
|
0-0: Foul Ball, location: 2F 0-1: Foul Ball, location: 2F 0-2: Ball 1-2: Ball 2-2: Foul Ball, location: 2F 2-2: Ball 3-2: Foul Ball, location: 2F 3-2: Foul Ball, location: 2F 3-2: Foul Ball, location: 2F 3-2: Base on Balls Alexis Cantu to third Antonio Laurel to second
|
Batting: RHB Nate Dickinson
|
0-0: Ball 1-0: Called Strike 1-1: Fly out, F9 (Flyball, 9, EV 83.8 MPH)
|
Batting: LHB Chris Williams
|
0-0: Ball 1-0: Ball 2-0: Foul Ball, location: 2F 2-1: Foul Ball, location: 2F 2-2: Ball 3-2: Foul Ball, location: 2F 3-2: Foul Ball, location: 2F 3-2: Base on Balls Alexis Cantu scores Antonio Laurel to third Er Le to second
|
Batting: RHB Bobby Bricker
|
0-0: Swinging Strike 0-1: Ball 1-1: Foul Ball, location: 2F 1-2: Foul Ball, location: 2F 1-2: Fielders Choice at 2nd, 5-4 (Groundball, 5, EV 87.5 MPH)
|
Bottom of the 3rd over - 1 run, 2 hits, 0 errors, 3 left on base; El Paso 2 - Syracuse 4 |
TOP OF THE 4TH |
El Paso Chihuahuas batting - Pitching for Syracuse Chiefs : RHP Sentos Alatas
|
Batting: LHB Hugo MacBeth
|
0-0: Ground out 4-3 (Groundball, 34D, EV 105.0 MPH)
|
Batting: RHB Robby Godwin
|
0-0: Ball 1-0: Called Strike 1-1: DOUBLE (Line Drive, 3D, EV 105.0 MPH)
|
Batting: RHB Dave Cluster
|
0-0: Ball 1-0: Fly out, F8 (Line Drive, 8RS, EV 93.8 MPH)
|
Batting: LHB Angel Mejia
|
0-0: Ball 1-0: Ball 2-0: Ground out 6-3 (Groundball, 6, EV 88.1 MPH)
|
Top of the 4th over - 0 runs, 1 hit, 0 errors, 1 left on base; El Paso 2 - Syracuse 4 |
BOTTOM OF THE 4TH |
Syracuse Chiefs batting - Pitching for El Paso Chihuahuas : LHP Kyle Foster
|
Batting: RHB Stephen Charbonneau
|
0-0: Ball 1-0: Reached via error on a dropped throw from 3B, E3 (Groundball, 56S, EV 87.5 MPH)
|
Batting: RHB Hisayuki Akiyama
|
0-0: Ball 1-0: Fly out, F7 (Flyball, 7D, EV 86.9 MPH)
|
Batting: LHB Alexis Cantu
|
0-0: Called Strike 0-1: Ball 1-1: Swinging Strike 1-2: Strikes out swinging
|
Batting: RHB Justin Davenport
|
0-0: Ball 1-0: Called Strike 1-1: Ball 2-1: SINGLE (Groundball, 56D, EV 94.4 MPH) Stephen Charbonneau to second
|
Batting: RHB Antonio Laurel
|
0-0: Called Strike 0-1: Ball 1-1: Ball 2-1: Called Strike 2-2: Ground out 4-3 (Groundball, 4S, EV 68.8 MPH)
|
Bottom of the 4th over - 0 runs, 1 hit, 1 error, 2 left on base; El Paso 2 - Syracuse 4 |
TOP OF THE 5TH |
El Paso Chihuahuas batting - Pitching for Syracuse Chiefs : RHP Sentos Alatas
|
Batting: RHB Jerry Escamilla
|
0-0: Called Strike 0-1: Called Strike 0-2: Foul Ball, location: 2F 0-2: Ball 1-2: Foul Ball, location: 2F 1-2: Ball 2-2: Ground out 4-3 (Groundball, 4, EV 81.2 MPH)
|
Batting: SHB Adam Martin
|
0-0: Ball 1-0: Called Strike 1-1: Fly out, F4 (Popup, 4, EV 57.5 MPH)
|
Batting: RHB Mike Hayward
|
0-0: Called Strike 0-1: Ball 1-1: Foul Ball, location: 2F 1-2: Fly out, F8 (Flyball, 8RD, EV 102.5 MPH)
|
Top of the 5th over - 0 runs, 0 hits, 0 errors, 0 left on base; El Paso 2 - Syracuse 4 |
BOTTOM OF THE 5TH |
Syracuse Chiefs batting - Pitching for El Paso Chihuahuas : LHP Kyle Foster
|
Batting: RHB Er Le
|
0-0: Fly out, F8 (Flyball, 78D, EV 88.8 MPH)
|
Batting: RHB Nate Dickinson
|
0-0: Ball 1-0: Called Strike 1-1: Foul Ball, location: 2F 1-2: DOUBLE (Flyball, 89XD, EV 111.2 MPH)
|
Batting: LHB Chris Williams
|
0-0: Ball Nate Dickinson steals 3rd base (no throw) 1-0: Ball 2-0: Ball 3-0: Called Strike 3-1: Base on Balls
|
Pitching: LHP John Schipper
|
|
Batting: RHB Bobby Bricker
|
0-0: Foul Ball, location: 2F 0-1: Ball 1-1: Ball 2-1: Ball 3-1: Base on Balls Chris Williams to second
|
Batting: RHB Stephen Charbonneau
|
0-0: Ball 1-0: Ball 2-0: Swinging Strike 2-1: Called Strike 2-2: Strikes out looking
|
Batting: RHB Hisayuki Akiyama
|
0-0: Ball 1-0: Fly out, F8 (Flyball, 8LXD, EV 93.8 MPH)
|
Bottom of the 5th over - 0 runs, 1 hit, 0 errors, 3 left on base; El Paso 2 - Syracuse 4 |
TOP OF THE 6TH |
El Paso Chihuahuas batting - Pitching for Syracuse Chiefs : RHP Sentos Alatas
|
Batting: RHB Jeff Brower
|
0-0: Ball 1-0: Called Strike 1-1: Called Strike 1-2: Foul Ball, location: 2F 1-2: Foul Ball, location: 2F 1-2: Ball 2-2: Ball 3-2: Foul Ball, location: 2F 3-2: SOLO HOME RUN (Flyball, 78XD, EV 101.9 MPH), Distance : 403 ft
|
Batting: LHB Carlos Cuellar
|
0-0: Ball 1-0: Ball 2-0: Called Strike 2-1: Called Strike 2-2: SINGLE (Line Drive, 89S, EV 98.1 MPH)
|
Pitching: RHP Chris Doty
|
|
Batting: LHB Hugo MacBeth
|
0-0: Foul Ball, location: 2F 0-1: Ball 1-1: Ball 2-1: Foul Ball, location: 2F 2-2: Ball 3-2: Strikes out looking
|
Batting: RHB Robby Godwin
|
0-0: Ball 1-0: Grounds into double play, 5-4-3 (Groundball, 5S, EV 83.8 MPH)
|
Top of the 6th over - 1 run, 2 hits, 0 errors, 0 left on base; El Paso 3 - Syracuse 4 |
BOTTOM OF THE 6TH |
Syracuse Chiefs batting - Pitching for El Paso Chihuahuas : LHP John Schipper
|
Batting: LHB Alexis Cantu
|
0-0: Called Strike 0-1: Ball 1-1: Swinging Strike 1-2: Ground out 4-3 (Groundball, 4, EV 81.9 MPH)
|
Batting: RHB Justin Davenport
|
0-0: Called Strike 0-1: Ball 1-1: Swinging Strike 1-2: Strikes out swinging
|
Batting: RHB Antonio Laurel
|
0-0: Ball 1-0: Ground out 4-3 (Groundball, 4, EV 103.1 MPH)
|
Bottom of the 6th over - 0 runs, 0 hits, 0 errors, 0 left on base; El Paso 3 - Syracuse 4 |
TOP OF THE 7TH |
El Paso Chihuahuas batting - Pitching for Syracuse Chiefs : RHP Chris Doty
|
Now in LF: Chance McWilliams
|
|
Now in RF: Chris Williams
|
|
Batting: RHB Dave Cluster
|
0-0: Called Strike 0-1: Foul Ball, location: 2F 0-2: Ball 1-2: Ball 2-2: Foul Ball, location: 2F 2-2: Foul Ball, location: 2F 2-2: Hit by Pitch
|
Batting: LHB Angel Mejia
|
Pickoff Throw to First - Out! 1-3 CS 0-0: Ball 1-0: Called Strike 1-1: Swinging Strike 1-2: Foul Ball, location: 2F 1-2: Fly out, F9 (Flyball, 89S, EV 84.4 MPH)
|
Batting: RHB Jerry Escamilla
|
0-0: Foul Ball, location: 2F 0-1: Swinging Strike 0-2: Foul Ball, location: 2F 0-2: SINGLE (Groundball, 56D, EV 96.2 MPH)
|
Batting: SHB Adam Martin
|
0-0: Ball Jerry Escamilla steals 2nd base 1-0: Ball 2-0: Called Strike 2-1: Ball 3-1: Ground out 4-3 (Groundball, 34D, EV 106.9 MPH)
|
Top of the 7th over - 0 runs, 1 hit, 0 errors, 1 left on base; El Paso 3 - Syracuse 4 |
BOTTOM OF THE 7TH |
Syracuse Chiefs batting - Pitching for El Paso Chihuahuas : LHP John Schipper
|
Batting: RHB Er Le
|
0-0: Ball 1-0: Called Strike 1-1: Called Strike 1-2: Foul Ball, location: 2F 1-2: Ball 2-2: Ball 3-2: Foul Ball, location: 2F 3-2: Strikes out swinging
|
Batting: RHB Nate Dickinson
|
0-0: Fly out, F8 (Flyball, 8RD, EV 102.5 MPH)
|
Batting: LHB Chris Williams
|
0-0: Ground out 6-3 (Groundball, 6, EV 85.6 MPH)
|
Bottom of the 7th over - 0 runs, 0 hits, 0 errors, 0 left on base; El Paso 3 - Syracuse 4 |
TOP OF THE 8TH |
El Paso Chihuahuas batting - Pitching for Syracuse Chiefs : RHP Chris Doty
|
Batting: RHB Mike Hayward
|
0-0: Called Strike 0-1: Called Strike 0-2: Ground out 4-3 (Groundball, 4, EV 103.1 MPH)
|
Batting: RHB Jeff Brower
|
0-0: Foul Ball, location: 2F 0-1: Ball 1-1: Ball 2-1: Swinging Strike 2-2: Strikes out swinging
|
Batting: LHB Carlos Cuellar
|
0-0: Called Strike 0-1: Foul Ball, location: 2F 0-2: Foul Ball, location: 2F 0-2: Strikes out swinging
|
Top of the 8th over - 0 runs, 0 hits, 0 errors, 0 left on base; El Paso 3 - Syracuse 4 |
BOTTOM OF THE 8TH |
Syracuse Chiefs batting - Pitching for El Paso Chihuahuas : LHP John Schipper
|
Pitching: RHP Omar Torres
|
|
Batting: RHB Bobby Bricker
|
0-0: Ball 1-0: Fly out, F7 (Flyball, 7, EV 90.6 MPH)
|
Batting: RHB Stephen Charbonneau
|
0-0: Ball 1-0: Ball 2-0: Ball 3-0: Base on Balls
|
Batting: RHB Hisayuki Akiyama
|
0-0: Ball 1-0: Ball 2-0: Foul Ball, location: 2F 2-1: 2-RUN HOME RUN (Flyball, 7D, EV 95.6 MPH), Distance : 359 ft
|
Batting: LHB Chance McWilliams
|
0-0: Ball 1-0: Ball 2-0: Ball 3-0: Called Strike 3-1: Called Strike 3-2: Base on Balls
|
Batting: RHB Justin Davenport
|
0-0: Called Strike 0-1: Ball 1-1: Ball 2-1: SINGLE (Line Drive, 7S, EV 102.5 MPH) Chance McWilliams to second
|
Batting: RHB Antonio Laurel
|
0-0: Hit by Pitch Chance McWilliams to third Justin Davenport to second
|
Batting: RHB Er Le
|
0-0: Called Strike 0-1: Fly out, F7 (Flyball, 78S, EV 83.1 MPH)
|
Batting: RHB Nate Dickinson
|
0-0: Ball 1-0: Foul Ball, location: 2F 1-1: Called Strike 1-2: SINGLE (Groundball, 34D, EV 93.8 MPH) Chance McWilliams scores Justin Davenport to third Antonio Laurel to second Runner from 3rd tries for Home, SAFE, throw by RF to home
|
Pitching: RHP Manny Bailon
|
|
Batting: LHB Chris Williams
|
0-0: Ball 1-0: Ball 2-0: Ground out 4-3 (Groundball, 4, EV 86.9 MPH)
|
Bottom of the 8th over - 4 runs, 3 hits, 0 errors, 2 left on base; El Paso 3 - Syracuse 8 |
TOP OF THE 9TH |
El Paso Chihuahuas batting - Pitching for Syracuse Chiefs : RHP Chris Doty
|
Batting: LHB Hugo MacBeth
|
0-0: Called Strike 0-1: Swinging Strike 0-2: Ball 1-2: Strikes out looking
|
Batting: RHB Robby Godwin
|
0-0: Ball 1-0: Ball 2-0: Called Strike 2-1: Ground out 5-3 (Groundball, 5S, EV 67.5 MPH)
|
Batting: RHB Dave Cluster
|
0-0: Ball 1-0: Fly out, F3 (Line Drive, 3, EV 70.6 MPH)
|
Top of the 9th over - 0 runs, 0 hits, 0 errors, 0 left on base; El Paso 3 - Syracuse 8 |
|